 Dungeon Crawl Stone Soup version 0.29-a0-823-gc37b1572da (webtiles) character file.

Game seed: 2400833628585713765

256 tsouns the Ruffian (level 5, -2/40 HPs)
             Began as a Troll Fire Elementalist on July 8, 2022.
             Slain by Eustachio
             ... wielding a +0 falchion
              (6 damage)
             ... on level 4 of the Dungeon.
             The game lasted 00:02:25 (845 turns).

tsouns the Ruffian (Troll Fire Elementalist)         Turns: 845, Time: 00:02:25

Health: -2/40      AC:  4    Str: 16      XL:     5   Next: 92%
Magic:  5/5        EV:  9    Int: 13      God:
Gold:   61         SH:  0    Dex:  9 (10) Spells: 5/6 levels left

rFire   . . .      SeeInvis .     - Unarmed
rCold   . . .      Faith    .   (no shield)
rNeg    . . .      Spirit   .   a - +0 robe
rPois   .          Reflect  .   (helmet restricted)
rElec   .          Harm     .   (no cloak)
rCorr   .          Rampage  .   (gloves unavailable)
Will    .....      Clarity  +   (boots unavailable)
Stlth   +.........              (no amulet)
HPRegen 0.93/turn               (no ring)
MPRegen 0.09/turn               (no ring)

@: no status effects
A: large, unfitting armour, claws 3, regeneration 1, shaggy fur 1, tough skin 1,
clarity, frail 1
a: no special abilities


You were on level 4 of the Dungeon.
You visited 1 branch of the dungeon, and saw 3 of its levels.

You collected 61 gold pieces.

Inventory:

Armour
 a - a +0 robe (worn)
Jewellery
 h - a ring of willpower
Scrolls
 c - 3 scrolls of teleportation {unknown}
 d - a scroll of blinking {unknown}
 f - 2 scrolls of identify {unknown}
 g - a scroll of amnesia {unknown}
Potions
 b - a potion of magic


   Skills:
 - Level 1.5 Dodging
 - Level 1.0 Stealth
 + Level 5.8 Unarmed Combat
 - Level 1.2 Spellcasting
 - Level 0.6 Conjurations
 - Level 2.1 Fire Magic


You had 5 spell levels left.
You knew the following spells:

 Your Spells              Type           Power      Damage    Failure   Level
a - Foxfire               Conj/Fire      16%        2x1d4     16%         1

Your spell library contained the following spells:

 Spells                   Type           Power      Damage    Failure   Level
 Scorch                   Fire           12%        2d5       17%         2
 Conjure Flame            Conj/Fire      4%         6-21      43%         3
 Inner Flame              Hex/Fire       3%         N/A       47%         3
 Flame Wave               Conj/Fire      4%         2d5       83%         4


Dungeon Overview and Level Annotations

Branches:
Dungeon (4/15)
 Temple: D:4-7

Altars:

Annotations:
D:4 Eustachio


Innate Abilities, Weirdness & Mutations

You are too large for most types of armour.
You have claws for hands.
Your natural rate of healing is unusually fast.
You are covered in fur. (AC +1)
You have tough skin. (AC +1)
You possess an exceptional clarity of mind.
You are frail. (-10% HP)


Message History

Eustachio hits you with a +0 falchion.
You completely miss Eustachio.
Eustachio is severely wounded.
The quasit bites you.
* * * LOW HITPOINT WARNING * * *
The quasit claws you but does no damage.
The quasit closely misses you. Eustachio barely misses you.
You closely miss Eustachio.
Eustachio is severely wounded.
The quasit barely misses you.
The quasit claws you but does no damage. x2
You barely miss Eustachio.
Eustachio is severely wounded.
The quasit bites you but does no damage.
The quasit barely misses you.
The quasit claws you but does no damage.
Eustachio closely misses you.
The quasit bites you but does no damage.
The quasit claws you but does no damage. x2
You scratch Eustachio but do no damage.
Eustachio is severely wounded.
Eustachio hits you with a +0 falchion!
* * * LOW HITPOINT WARNING * * *
The quasit bites you but does no damage.
The quasit claws you but does no damage. x2
You barely miss Eustachio.
Eustachio is severely wounded.
The ball python hisses angrily.
Eustachio hits you with a +0 falchion.
* * * LOW HITPOINT WARNING * * *
The quasit barely misses you. The quasit closely misses you. x2
Unknown command.
Okay, then.
You closely miss Eustachio.
Eustachio is severely wounded.
The quasit bites you but does no damage.
The quasit closely misses you.
The quasit claws you but does no damage.
Eustachio hits you with a +0 falchion.
You die...

'.......................+
####...##.########...####
# ##†##..# ####.######
####.## #.........# #.#
#.##.####.# #.# #.##.#
#.# #.# #.##.## #.# #.#
#5##..# #.# #.#
#@###.###$####.## #.#
#@##..@†...@....#
########.#
#S##..###.##....
.........# #.....S...# .
########## ####..#####
#..... #>##### #.# #.#


You could see Eustachio, a quasit (summoned) and a ball python.

Vanquished Creatures
  A phantom (D:4)
  A necrophage (D:4)
  3 orc wizards (D:4)
  An adder (D:4)
  4 dart slugs (D:1)
  2 orcs (D:4)
  2 bats
  2 endoplasms (D:1)
  7 goblins
  10 jackals
  2 kobolds (D:1)
  2 quokkas
  3 rats (D:1)
40 creatures vanquished.

Notes
Turn   | Place    | Note
-------+----------+-------------------------------------------
     0 | D:1      | tsouns the Troll Fire Elementalist began the quest for the
                  | Orb.
     0 | D:1      | Reached XP level 1. HP: 16/16 MP: 1/1
    35 | D:1      | Reached skill level 1 in Unarmed Combat
    70 | D:1      | Reached XP level 2. HP: 21/24 MP: 2/2
    75 | D:1      | Reached skill level 2 in Unarmed Combat
   289 | D:1      | Reached XP level 3. HP: 30/31 MP: 3/3
   416 | D:1      | Reached skill level 3 in Unarmed Combat
   568 | D:2      | You fall into a shaft and drop 2 floors!
   623 | D:4      | Gained mutation: You are frail. (-10% HP) [potion of
                  | mutation]
   623 | D:4      | Gained mutation: You possess an exceptional clarity of
                  | mind. [potion of mutation]
   635 | D:4      | Reached XP level 4. HP: 35/35 MP: 4/4
   650 | D:4      | Reached skill level 4 in Unarmed Combat
   703 | D:4      | Noticed a phantom
   712 | D:4      | Killed a phantom
   713 | D:4      | Reached skill level 5 in Unarmed Combat
   713 | D:4      | Reached XP level 5. HP: 33/40 MP: 5/5
   795 | D:4      | Noticed Eustachio
   845 | D:4      | Slain by Eustachio

Illustrated notes

Levels and vault maps discovered:
D:1:      minmay_arrival_three_doors, layout_basic
D:2:      layout_loops_cross
D:4:      layout_loops_corners, uniq_eustachio

Skill      XL: |  1  2  3  4 |
---------------+-------------+-----
Unarmed Combat | 1 2 3 5 |  5.8
Dodging        | |  1.5
Stealth        | |  1.0
Spellcasting   | |  1.2
Conjurations   | |  0.6
Fire Magic     | |  2.1

Action                   |  1- 3 |  4- 6 || total
-------------------------+-------+-------++-------
Melee: Unarmed           |    91 |    71 ||   162
       Punch             |     2 |     1 ||     3
  Use: Potion            |     2 |       ||     2
 Stab: Sleeping          |     4 |     1 ||     5
Armor: Robe              |    45 |    32 ||    77
Dodge: Dodged            |    51 |    28 ||    79

Table legend: (Time is in decaauts)
 A = Elapsed time spent in this place.
 B = Non-inter-level travel time spent in this place.
 C = Inter-level travel time spent in this place.
 D = Time resting spent in this place.
 E = Time spent auto-exploring this place.
 F = Levels seen in this place.
 G = Mean time per level.
                   A        B        C        D        E       F      G
               +--------+--------+--------+--------+--------+-----+--------+
         Total |    834 |    834 |      0 |      0 |    535 |   3 |  278.0 |
       Dungeon |    834 |    834 |      0 |      0 |    535 |   3 |  278.0 |
               +--------+--------+--------+--------+--------+-----+--------+

Top non-repeatable levels by time:
     D:1: 463 daAuts
     D:4: 269 daAuts
     D:2: 101 daAuts
